 Dungeon Crawl Stone Soup version 0.31.0-12-g77e489cdc1 (webtiles) character file.

Game seed: 13140860659870034712

375 Baz the Slasher (level 6, -5/56 HPs)
             Began as a Minotaur Fighter on Feb 27, 2024.
             Slain by an orc
             ... wielding a +0 war axe
              (6 damage)
             ... on level 4 of the Dungeon.
             The game lasted 00:03:16 (2972 turns).

Baz the Slasher (Minotaur Fighter)                  Turns: 2972, Time: 00:03:16

Health: -5/56      AC:  8    Str: 22    XL:     6   Next: 44%
Magic:  5/5        EV:  9    Int:  5    God:
Gold:   146        SH:  5    Dex: 10    Spells: 5/5 levels left

rFire   . . .        a - +0 long sword
rCold   . . .        c - +0 buckler
rNeg    . . .        b - +0 scale mail
rPois   .            (helmet restricted)
rElec   .            (no cloak)
rCorr   .            (no gloves)
SInv    .            k - +0 pair of boots
Will    +....        (no amulet) Stlth
                     (no ring)
HPRegen 0.29/turn    (no ring)
MPRegen 0.09/turn

%: no passive effects
@: mighty, brilliant, attractive, enlightened, flying
A: horns 2, retaliatory headbutt
a: no special abilities


You were on level 4 of the Dungeon.
You visited 1 branch of the dungeon, and saw 4 of its levels.

You collected 146 gold pieces.

Inventory:

Hand Weapons
 a - a +0 long sword (weapon)
Armour
 b - a +0 scale mail (worn)
 c - a +0 buckler (worn)
 k - a +0 pair of boots (worn)
Jewellery
 n - a ring of flight
Wands
 j - a wand of mindburst (13)
 t - a wand of roots (5)
Scrolls
 e - a scroll of noise {unknown}
 f - 5 scrolls of identify {unknown}
 h - a scroll of blinking {unknown}
 l - a scroll of brand weapon {unknown}
 o - 3 scrolls of teleportation {unknown}
 p - a scroll of vulnerability {unknown}
 q - a scroll of enchant weapon {unknown}
 r - a scroll of immolation {unknown}
Potions
 d - a potion of might
 m - a potion of enlightenment


   Skills:
 + Level 5.0 Fighting
 * Level 5.5 Long Blades
 + Level 5.1 Armour
 + Level 5.1 Shields


You had 5 spell levels left.
You didn't know any spells.
Your spell library contained the following spells:

 Spells                   Type           Power      Damage    Failure   Level
 Magic Dart               Conj           0%         1d3       85%         1
 Necrotise                Necr           0%         1d4       85%         1
 Blink                    Tloc           0%         N/A       94%         2
 Call Imp                 Summ           0%         N/A       94%         2
 Lesser Beckoning         Tloc           0%         N/A       94%         2
 Gell's Gravitas          Tloc           0%         N/A       99%         3
 Teleport Other           Tloc           0%         N/A       99%         3
 Vampiric Draining        Necr           0%         2d6       99%         3
 Martyr's Knell           Necr/Summ      0%         N/A       100%        4
 Summon Blazeheart Golem  Fire/Summ      0%         N/A       100%        4
 Curse of Agony           Necr           0%         N/A       100%        5
 Orb of Destruction       Conj           0%         9d5       100%        7
 Spellforged Servitor     Conj/Summ      0%         N/A       100%        7


Dungeon Overview and Level Annotations

Branches:
Dungeon (4/15)
 Temple: D:4-7

Altars:
Zin


Innate Abilities, Weirdness & Mutations

You have a pair of horns on your head.
You reflexively headbutt those who attack you in melee.


Message History

Something hits you but does no damage.
Unknown command.
Unknown command.
Okay, then.
You feel very mighty all of a sudden. You block the orc wizard's attack.
The orc hits you but does no damage.
The orc wizard hits you but does no damage.
Something hits you but does no damage.
Unknown command.
You miss something. You block the orc's attack.
The orc wizard casts a spell at you. The magic dart hits you.
* * * LOW HITPOINT WARNING * * *
The orc wizard hits you but does no damage.
You hear some strange, mumbled words.
A magic dart appears from out of thin air!
The magic dart hits you but does no damage.
You slash the orc wizard!
The orc wizard is severely wounded.
The orc wizard barely misses you. The orc barely misses you.
The orc wizard hits you but does no damage.
Something hits you but does no damage.
Unknown command.
You slash the orc wizard!
You kill the orc wizard!
The orc hits you with a +0 war axe.
* * * LOW HITPOINT WARNING * * *
You block the orc wizard's attack. Something hits you but does no damage.
Unknown command.
You hit the orc wizard.
The orc wizard is moderately wounded.
The orc misses you.
The orc wizard hits you with a +0 dagger.
* * * LOW HITPOINT WARNING * * *
Something hits you but does no damage.
Unknown command.
You closely miss the orc wizard.
The orc wizard is moderately wounded.
The orc hits you with a +0 war axe.
You die...

##..##..###. .......#
#....#...##. # .. ...#
#....##..... #.#...#.#
##...##.[... #.... ..#
####....##+##. #.......#
#.#.....# #.
#.#...#.###.......# #.
#.....o.#.......(.# #.
#.....)@#.........##+##.
......o.{.......).......
.......................[
##....####..............
##### ##..########...
#.## ##.. #.# ##. .. #.
. #.


You could see an orc wizard and an orc.

Vanquished Creatures
  2 scorpions (D:4)
  An orc priest (D:4)
  A hound (D:4)
  A sleepcap (D:4)
  Natasha (D:2)
  An orc wizard (D:4)
  Robin (D:3)
  An adder (D:3)
  4 dart slugs
  13 orcs
  8 endoplasms
  4 giant cockroaches
  8 hobgoblins
  4 quokkas
  8 ball pythons
  3 bats (D:1)
  2 frilled lizards
  10 goblins
  6 kobolds
  4 rats
83 creatures vanquished.

Notes
Turn   | Place    | Note
-------+----------+-------------------------------------------
     0 | D:1      | Baz the Minotaur Fighter began the quest for the Orb.
     0 | D:1      | Reached XP level 1. HP: 19/19 MP: 0/0
   150 | D:1      | Reached XP level 2. HP: 27/27 MP: 1/1
   614 | D:1      | Reached XP level 3. HP: 30/33 MP: 2/2
  1155 | D:2      | Noticed Natasha
  1163 | D:2      | Killed Natasha
  1164 | D:2      | Reached XP level 4. HP: 32/40 MP: 3/3
  1695 | D:3      | Noticed Robin
  1729 | D:3      | Killed Robin
  2219 | D:3      | Found a glowing silver altar of Zin.
  2682 | D:4      | Noticed a scorpion
  2707 | D:4      | Killed a scorpion
  2708 | D:4      | Reached XP level 5. HP: 33/47 MP: 4/4
  2751 | D:4      | Reached skill level 5 in Long Blades
  2943 | D:4      | Reached skill level 5 in Shields
  2943 | D:4      | Reached XP level 6. HP: 43/55 MP: 5/5
  2957 | D:4      | Reached skill level 5 in Fighting
  2957 | D:4      | Reached skill level 5 in Armour
  2970 | D:4      | HP: 1/56 [orc/+0 war axe (5)]
  2972 | D:4      | Slain by an orc

Illustrated notes

Levels and vault maps discovered:
D:1:      saegor_arrival_simple_e, layout_basic, minivault_25, st_stairs_1
D:2:      layout_basic, uniq_natasha
D:3:      layout_rooms, lemuel_round_altar, uniq_robin
D:4:      layout_layer_cave, temple_hall, gammafunk_ghost_cemetery,
          kennysheep_cross_bottleneck, guppyfry_shop_venom

Skill      XL: |  1  2  3  4  5  6 |
---------------+-------------------+-----
Long Blades    | 3 4 5 |  5.5
Armour         | 4 5 |  5.1
Shields        | 4 5 |  5.1
Fighting       | 4 5 |  5.0

Action                     |  1- 3 |  4- 6 || total
---------------------------+-------+-------++-------
  Melee: Long sword        |    75 |   134 ||   209
         Headbutt          |     8 |    15 ||    23
    Use: Potion            |       |     5 ||     5
 Armour: Scale mail        |    61 |   138 ||   199
  Dodge: Dodged            |    27 |    77 ||   104
  Block: Buckler           |    20 |    28 ||    48
